 Dungeon Crawl Stone Soup version 0.22-a0-812-g4c1e2d5471 (webtiles) character file.

130 KristianNielsen the Shield-Bearer (level 5, -1/33 HPs)
             Began as a Gargoyle Fighter on July 23, 2018.
             Was an Initiate of Gozag.
             Killed by nerve-wracking pain
             ... invoked by Grinder
              (6 damage)
             ... on level 2 of the Dungeon.
             The game lasted 00:06:28 (1345 turns).

KristianNielsen the Shield-Bearer (GrFi)            Turns: 1345, Time: 00:06:28

Health: -1/33      AC: 11    Str: 19    XL:     5   Next: 14%
Magic:  5/5        EV: 12    Int: 10    God:    Gozag
Gold:   67         SH:  9    Dex: 14    Spells: 4/4 levels left

rFire    + . .     SeeInvis .   q - +0 morningstar
rCold    + . .     Gourm    .   c - +0 shield
rNeg     + . .     Faith    .   b - +0 scale mail
rPois    ∞         Spirit   .   (no helmet)
rElec    +         Reflect  .   (no cloak)
rCorr    +         Harm     .   (no gloves)
MR       .....                  (no boots)
Stlth    +.........             (no amulet)
HPRegen  0.11/turn              (no ring)
MPRegen  0.09/turn              (no ring)

@: agile, resistant, very slightly contaminated, hasted (expiring), very quick
A: negative energy resistance 1, electricity resistance, unbreathing,
petrification resistance, rot immunity, AC +4
a: Potion Petition, Call Merchant, Bribe Branch, Renounce Religion


You were on level 2 of the Dungeon.
You worshipped Gozag.
Gozag was noncommittal.
You were not hungry.

You visited 1 branch of the dungeon, and saw 3 of its levels.

You collected 83 gold pieces.
You paid 16 gold pieces to Gozag.

Inventory:

Hand Weapons
 h - a +0 whip
 q - a +0 morningstar (weapon)
Missiles
 j - 11 bolts
 l - 5 javelins (quivered)
 p - 4 tomahawks
Armour
 b - a +0 scale mail (worn)
 c - a +0 shield (worn)
Jewellery
 i - an uncursed amulet of faith {unknown}
Scrolls
 a - a scroll of identify {unknown}
 k - a scroll of amnesia {unknown}
 m - a scroll of remove curse {unknown}
 n - a scroll of enchant armour {unknown}
 o - a scroll of teleportation {unknown}
Potions
 d - a potion of might
 e - 2 potions of curing {unknown}
Comestibles
 f - 3 rations


   Skills:
 + Level 4.0 Fighting
 * Level 3.5 Maces & Flails
 + Level 4.0 Armour
 + Level 4.0 Shields


You had 4 spell levels left.
You didn't know any spells.
Your spell library was empty.

Dungeon Overview and Level Annotations

Branches:
Dungeon (3/15)

Altars:
Ashenzari
Gozag

Annotations:
D:2 Grinder
D:3 Sigmund


Innate Abilities, Weirdness & Mutations

You are resistant to torment.
Your stone body is resilient. (AC +4)
You are immune to poison.
You resist negative energy. (rN+)
You are resistant to electric shocks. (rElec)
You can survive without breathing.
You are immune to petrification.
You are immune to rotting.


Message History

Grinder is heavily wounded.
Grinder hits you but does no damage.
You barely miss Grinder.
Grinder is heavily wounded.
Grinder says, "Wait up."
Grinder misses you.
You puncture Grinder!
Grinder is severely wounded.
Grinder drinks a potion.
Grinder is healed!
Your shield prevents you from hitting Grinder.
Grinder is moderately wounded.
You completely miss Grinder.
Grinder is moderately wounded.
You flicker back into view.
Grinder blinks!
Your extra speed is starting to run out.
Grinder gestures at you. Pain shoots through your body!
You die...
Your body crumbles into a pile of gold.

#......... #.......##
#######.......##
###########..)).........##
##...>.......###########..#
##.....$...#### ##.#
#.............# #.#
#.............# #.#
###..........@.<# #(.
#.............[.#### ##.
###...............5##########.
##............##............
#.....................#####
#..........................
#..............#######.....
#..........###.# #####.
#.)........# #.# ###>


You could see Grinder.

Vanquished Creatures
  3 adders (D:2)
  4 gnolls (D:2)
  An ooze (D:2)
  2 worms
  A dart slug (D:2)
  A leopard gecko (D:1)
  An orc (D:2)
  7 giant cockroaches
  3 goblins
  4 hobgoblins
  6 jackals (D:1)
  2 ball pythons (D:2)
  5 bats
  A frilled lizard (D:1)
  5 kobolds
  5 rats
51 creatures vanquished.

Notes
Turn   | Place    | Note
-------+----------+-------------------------------------------
     0 | D:1      | KristianNielsen the Gargoyle Fighter began the quest for the Orb.
     0 | D:1      | Reached XP level 1. HP: 14/14 MP: 1/1
   179 | D:1      | Reached XP level 2. HP: 18/19 MP: 2/2
   295 | D:1      | Found a shattered altar of Ashenzari.
   511 | D:1      | Reached XP level 3. HP: 23/23 MP: 3/3
   832 | D:2      | Reached XP level 4. HP: 29/29 MP: 4/4
  1067 | D:2      | Found an opulent altar of Gozag.
  1089 | D:2      | Reached XP level 5. HP: 30/33 MP: 5/5
  1129 | D:2      | Became a worshipper of Gozag Ym Sagoz the Greedy
  1300 | D:3      | Noticed Grinder
  1302 | D:3      | Noticed Sigmund
  1303 | D:3      | Paralysed by Grinder for 5 turns
  1336 | D:2      | Paralysed by Grinder for 2 turns
  1345 | D:2      | Killed from afar by Grinder

Vault maps used:
D:1:      dpeg_arrival_erosion, nicolae_ashenzari_panopticon
D:2:      nicolae_gozag_seed_capital, kennysheep_generic_room_16
D:3:      lemuel_round_altar, hex_medium, uniq_sigmund, uniq_grinder

Skill      XL: |  1  2  3  4 |
---------------+-------------+-----
Maces & Flails | 3 |  3.5
Fighting       | 4 |  4.0
Shields        | 4 |  4.0
Armour         | 4 |  4.0

Action                   |  1- 3 |  4- 6 || total
-------------------------+-------+-------++-------
Melee: Flail             |    49 |       ||    49
       Whip              |   106 |    53 ||   159
       Morningstar       |       |    46 ||    46
Throw: Javelin           |     5 |     2 ||     7
Invok: Potion Petition   |       |     1 ||     1
  Eat: Chunk             |       |     2 ||     2
Armor: Scale mail        |    79 |    70 ||   149
Dodge: Dodged            |    58 |    29 ||    87
Block: Shield            |    99 |    45 ||   144

Table legend:
 A = Spawn XP
 B = Non-spawn XP
 C = Spawn XP percentage of total XP
 D = Spawn monster count
 E = Non-spawn monster count
 F = Spawn count percentage of total count
 G = Total turns spent on level
                    A         B        C        D         E        F      G
               +---------+---------+-------+---------+---------+-------+---------
         Total |       0 |     187 |   0.0 |       0 |      51 |   0.0 |  1345
               +---------+---------+-------+---------+---------+-------+---------
           D:1 |       0 |      45 |   0.0 |       0 |      24 |   0.0 |   681
           D:2 |       0 |     142 |   0.0 |       0 |      27 |   0.0 |   651
               +---------+---------+-------+---------+---------+-------+---------
